Map: Divergencia EE

Players

MrFercho - Winner!

  • Race: Zerg Zerg
  • League: Gold
  • Spawn Location: 5:00

TATORREA - Winner!

  • Race: Protoss Protoss
  • League: Gold
  • Spawn Location: 5:00

Etansnail

  • Race: Terran Terran
  • League: Platinum
  • Spawn Location: 11:00

GhostDragon

  • Race: Protoss Protoss
  • League: Silver
  • Spawn Location: 11:00

VOD

Have the link to the VOD?

Description

Time

  • Played on: Aug. 13, 2020, 9:21 p.m.
  • Length: 16:14
Show
View Real Time Build Order
Export as new Build Order

MrFercho Zerg - Winner!

Build Orders: Hatch First, Lurkers, Roach Hydra 

Get SALT Encoding   

  12  0:01  Drone  
  13  0:14  Overlord  
  13  0:19  Drone  
  14  0:32  Drone x2  
  16  0:58  Drone x2  
  16  1:04  Hatchery, Drone  
  18  1:13  Extractor  
  17  1:19  Spawning Pool  
  17  1:21  Drone  
  17  1:24  Drone  
  18  1:31  Drone  
  19  1:54  Drone x2  
  21  2:04  Overlord  
  21  2:16  Queen  
  21  2:20  Queen  
  25  2:24  Zergling x4  
  25  2:28  Drone x2  
  29  2:41  Drone x2  
  31  2:50  Drone x2  
  33  3:00  Drone x2  
  33  3:04  Lair  
  35  3:08  Overlord  
  35  3:11  Overlord  
  35  3:14  Queen  
  35  3:15  Extractor  
  35  3:17  Extractor  
  35  3:24  Roach Warren  
  35  3:25  Drone x2  
  35  3:27  Evolution Chamber  
  35  3:32  Drone x2  
  37  4:04  Drone x2  
  37  4:05  Drone x7  
  37  4:08  Queen  
  48  4:11  Overlord x3  
  48  4:16  Glial Reconstitution  
  48  4:23  Zerg Missile Weapons Level 1  
  48  4:49  Queen  
  48  4:51  Roach x6  
  62  4:58  Drone x3  
  65  5:12  Roach x5  
  75  5:16  Overlord x2  
  75  5:31  Zergling x2  
  75  6:02  Roach x8  
  88  6:46  Roach x2  
  91  6:47  Overlord x4  
  91  6:48  Overlord  
  91  7:03  Hatchery  
  91  7:06  Extractor  
  89  7:09  Extractor  
  88  7:18  Pneumatized Carapace  
  88  7:24  Extractor  
  87  7:42  Roach x9  
  105  7:49  Hydralisk Den  
  104  8:05  Drone x5  
  105  8:06  Drone  
  110  8:14  Zerg Missile Weapons Level 2  
  110  8:16  Overlord x3  
  110  8:24  Spore Crawler  
  109  8:34  Drone x6  
  109  8:37  Spore Crawler  
  114  8:45  Muscular Augments  
  114  8:54  Drone x3  
  114  8:55  Hatchery, Drone x2  
  117  8:56  Drone  
  117  8:57  Queen  
  117  8:58  Overlord  
  117  8:59  Overlord x2  
  121  9:10  Hydralisk x4  
  129  9:36  Hydralisk x6  
  129  9:37  Hydralisk x6  
  145  9:50  Evolution Chamber  
  114  9:56  Grooved Spines  
  108  10:21  Hydralisk x13  
  98  10:33  Hydralisk  
  98  10:34  Hydralisk x7  
  91  10:58  Queen  
  93  11:09  Drone  
  93  11:10  Drone x14  
  108  11:21  Zerg Ground Armor Level 1  
  108  11:24  Infestation Pit  
  107  11:34  Queen  
  109  11:40  Extractor  
  109  11:42  Extractor, Drone x3  
  109  11:43  Drone x3  
  109  11:44  Drone x3  
  109  11:45  Drone  
  117  11:47  Drone  
  118  12:00  Lurker Den  
  118  12:01  Hive  
  117  12:19  Overlord x3  
  117  12:21  Hydralisk x9  
  117  12:22  Hydralisk x2  
  137  12:50  Hydralisk x13  
  121  13:21  Seismic Spines  
  121  13:24  Spire  
  120  13:35  Drone x3  
  120  13:37  Drone x3  
  124  14:11  Lurker x2  
  124  14:12  Lurker x8  
  134  14:18  Adaptive Talons  
  134  14:29  Metabolic Boost  
  134  14:37  Baneling Nest  
  133  14:44  Corruptor x4  
  141  14:46  Corruptor  
  141  14:48  Hatchery  
Show
View Real Time Build Order
Export as new Build Order

TATORREA Protoss - Winner!

Build Orders:  

Get SALT Encoding   

  12  0:04  Probe  
  13  0:16  Probe  
  14  0:27  Pylon  
  14  0:31  Probe  
  15  0:45  Probe  
  16  0:56  Gateway  
  16  0:57  Probe  
  16  0:58  Gateway  
  17  1:09  Probe  
  18  1:11  Assimilator  
  18  1:22  Probe  
  19  1:29  Pylon  
  19  1:33  Assimilator  
  19  1:34  Probe  
  20  1:51  Probe (Chrono Boost)  
  22  2:02  Probe (Chrono Boost)  
  22  2:07  Probe (Chrono Boost)  
  23  2:16  Cybernetics Core  
  23  2:21  Probe  
  24  2:27  Gateway  
  24  2:29  Gateway  
  24  2:42  Nexus  
  24  2:46  Pylon  
  24  2:52  Warp Gate  
  24  2:55  Adept  
  26  3:00  Adept  
  28  3:17  Twilight Council  
  28  3:25  Adept  
  28  3:26  Probe  
  31  3:30  Adept  
  33  3:39  Probe  
  34  3:41  Pylon  
  34  3:44  Stalker  
  36  3:52  Resonating Glaives (Chrono Boost)  
  36  3:53  Stalker  
  38  4:01  Probe (Chrono Boost)  
  39  4:03  Probe (Chrono Boost)  
  40  4:13  Probe (Chrono Boost)  
  40  4:15  Probe (Chrono Boost)  
  42  4:21  Probe x2 (Chrono Boost)  
  44  4:27  Probe  
  44  4:29  Probe  
  46  4:39  Probe  
  46  4:41  Probe  
  46  4:42  Adept x2  
  46  4:43  Adept x2  
  56  4:51  Probe  
  57  4:54  Probe  
  58  5:03  Probe  
  58  5:04  Stargate  
  58  5:06  Probe  
  58  5:07  Robotics Facility  
  60  5:13  Assimilator  
  60  5:15  Probe  
  60  5:17  Assimilator  
  60  5:18  Probe  
  60  5:19  Pylon  
  48  6:34  Stalker x3  
  48  6:36  Probe x2  
  54  6:48  Probe x2  
  56  6:58  Nexus  
  56  7:00  Probe  
  57  7:09  Nexus  
  57  7:11  Pylon  
  57  7:13  Pylon  
  57  7:19  Probe x2  
  57  7:22  Immortal, Pylon  
  63  7:25  Pylon  
  63  7:26  Void Ray  
  63  7:29  Stalker  
  69  7:30  Stalker  
  69  7:31  Probe x2  
  69  7:34  Stalker  
  75  7:39  Stalker  
  75  7:42  Charge, Templar Archives  
  75  7:43  Probe x2  
  79  7:47  Pylon  
  79  7:51  Pylon  
  79  7:54  Pylon  
  79  7:55  Probe  
  80  8:01  Immortal (Chrono Boost)  
  80  8:04  Gateway  
  84  8:07  Gateway  
  84  8:08  Gateway  
  84  8:09  Phoenix  
  84  8:11  Gateway  
  86  8:13  Gateway, Probe x3  
  86  8:17  Gateway  
  89  8:25  Probe x3  
  89  8:27  Psionic Storm  
  92  8:29  High Templar  
  92  8:30  High Templar  
  92  8:33  Assimilator x2, Phoenix, Observer (Chrono Boost)  
  98  8:34  Archon  
  98  8:37  Zealot x2  
  98  8:38  Probe x2  
  98  8:39  Probe x2  
  107  8:50  Probe x2  
  107  8:51  Probe x2  
  111  9:02  Zealot  
  111  9:03  Probe x2, Zealot x4  
  111  9:08  Void Ray  
  127  9:11  Immortal  
  127  9:15  Probe x3  
  127  9:16  Probe  
  135  9:25  Assimilator  
  135  9:26  Assimilator  
  135  9:27  Probe x3  
  138  9:33  Stalker  
  138  9:34  High Templar x2  
  138  9:35  High Templar x2  
  148  9:43  Archon  
  148  9:44  Archon  
  148  9:52  Robotics Bay  
  148  9:57  Gateway  
  148  10:00  Gateway  
  148  10:03  Forge  
  148  10:04  Gateway  
  148  10:06  Forge  
  148  10:07  Probe x3  
  148  10:08  Forge  
  151  10:15  Void Ray  
  155  10:24  Fleet Beacon  
  155  10:35  Pylon  
  155  10:39  Immortal  
  155  10:40  Pylon  
  147  10:46  Pylon  
  147  10:49  Pylon  
  139  10:55  Blink  
  139  10:58  Protoss Ground Armor Level 1 (Chrono Boost), Protoss Ground Weapons Level 1 (Chrono Boost)  
  139  10:59  Stalker x5, Protoss Shields Level 1 (Chrono Boost)  
  139  11:00  Stalker x3  
  139  11:01  Stalker x3  
  139  11:02  Stalker  
  163  11:05  Pylon  
  163  11:07  Extended Thermal Lance  
  163  11:09  Pylon  
  163  11:13  Void Ray  
  167  11:18  Immortal  
  171  11:25  Unknown  
  171  11:30  Zealot x5  
  171  11:31  Zealot x2  
  185  11:42  Protoss Air Weapons Level 1  
  185  11:49  Colossus  
  185  12:01  High Templar x2  
  195  12:02  Nexus  
  195  12:03  Pylon, Zealot  
  195  12:04  Zealot  
  195  12:07  Pylon  
  199  12:09  Archon  
  189  12:41  Observer  
  174  12:47  Gravitic Boosters  
  96  13:16  Zealot x4  
  96  13:17  Zealot x5  
  96  13:18  Zealot x4  
  114  13:22  Colossus  
  114  13:30  Void Ray  
  118  13:52  Gateway x2  
  118  13:59  Gateway  
  118  14:00  Gateway x2  
  118  14:03  High Templar x4  
  118  14:04  Gateway, High Templar x4  
  118  14:05  Gateway, High Templar x4  
  118  14:06  High Templar  
  118  14:08  Archon x4  
  118  14:09  Archon  
  144  14:10  Archon  
  144  14:11  Gateway  
  144  14:13  Void Ray  
  144  14:16  Colossus  
  144  14:17  Gateway  
  154  14:20  Gateway  
  154  14:27  Gateway  
  154  14:29  Gateway x2  
  154  14:32  Gateway  
  154  14:33  Gateway  
  154  14:34  Assimilator  
  154  14:36  Gateway  
  154  14:39  Gateway  
  154  14:42  Gateway  
  154  14:46  Assimilator  
  154  14:48  High Templar  
  154  14:49  Zealot x3  
  154  14:50  Zealot x5  
  154  14:51  Zealot  
  154  14:52  Zealot x2  
  178  14:53  Zealot  
  178  14:54  Zealot x2  
  178  14:59  Colossus  
  184  15:03  Nexus  
  184  15:04  Pylon x2  
  184  15:13  Zealot  
  184  15:14  Zealot x4  
  180  15:54  Zealot x4  
  180  15:55  Zealot x4  
  180  15:56  Zealot x3  
  200  15:57  Zealot  
Show
View Real Time Build Order
Export as new Build Order

Etansnail Terran 

Build Orders: Mech 

Get SALT Encoding   

  12  0:00  SCV  
  13  0:12  SCV  
  14  0:20  Supply Depot  
  14  0:24  SCV  
  15  0:42  SCV  
  16  0:43  Barracks  
  16  0:49  Refinery  
  16  0:54  SCV  
  17  1:06  SCV  
  18  1:18  SCV  
  19  1:30  SCV  
  20  1:38  Marine  
  21  1:48  Command Center  
  21  1:59  Orbital Command  
  21  2:11  Factory  
  21  2:34  Barracks Reactor  
  21  2:36  SCV  
  22  2:49  SCV  
  23  2:56  Supply Depot  
  23  3:01  SCV  
  24  3:12  Orbital Command, Refinery  
  24  3:13  SCV  
  24  3:16  Starport  
  25  3:25  SCV  
  26  3:30  Barracks Tech Lab  
  26  3:37  SCV  
  27  3:43  Hellion x2  
  27  3:45  SCV  
  32  3:49  SCV  
  33  3:57  SCV  
  33  3:59  Factory  
  33  4:00  Barracks Tech Lab  
  33  4:01  SCV  
  35  4:04  Command Center  
  35  4:08  Hellion x2  
  35  4:09  SCV  
  40  4:13  SCV  
  41  4:21  SCV  
  42  4:25  SCV  
  45  4:31  Hellion  
  45  4:33  SCV  
  46  4:47  Factory Tech Lab  
  46  4:49  Factory  
  46  4:58  Armory, Engineering Bay  
  46  5:03  Armory  
  46  5:09  Refinery  
  46  5:10  Refinery  
  46  5:16  Marauder, Hellion, SCV x2  
  46  5:17  Supply Depot  
  53  5:22  Orbital Command  
  53  5:23  Supply Depot  
  53  5:26  Supply Depot  
  53  5:28  SCV x2  
  54  5:40  SCV x2  
  50  5:54  Siege Tank  
  50  5:57  Marauder  
  40  5:58  Hellion x2  
  41  6:14  Factory Tech Lab  
  37  6:24  Hellion x2  
  38  6:26  Siege Tank  
  39  6:45  SCV  
  40  6:49  Terran Vehicle And Ship Armor Level 1, Terran Vehicle Weapons Level 1  
  39  6:57  SCV  
  40  7:06  Banshee  
  43  7:09  Cyclone  
  43  7:11  Hellbat x2  
  50  7:28  Orbital Command  
  50  7:49  Thor  
  56  7:54  SCV  
  56  7:55  SCV  
  58  8:07  Refinery  
  58  8:10  Refinery  
  58  8:23  Hellbat  
  58  8:24  SCV  
  61  8:42  Orbital Command  
  61  9:04  Factory  
  61  9:11  Terran Vehicle Weapons Level 2  
  61  9:13  Supply Depot  
  61  9:14  Supply Depot x2  
  61  9:20  Thor  
  61  9:21  Siege Tank, Hellbat x2, SCV x3, Missile Turret  
  77  9:31  Terran Vehicle And Ship Armor Level 2  
  77  9:34  SCV x3  
  77  9:38  Viking  
  82  9:42  Hellbat  
  82  9:43  Hellbat  
  86  9:46  SCV x3  
  87  9:53  Thor  
  93  10:03  Thor  
  93  10:04  SCV x2  
  101  10:16  Supply Depot  
  101  10:17  Supply Depot  
  101  10:19  Supply Depot, SCV x2  
  101  10:20  SCV  
  100  10:22  Hellbat  
  100  10:26  Hellbat  
  100  10:33  Factory Tech Lab  
  100  10:37  Thor, SCV  
  100  10:38  SCV  
  108  10:44  Factory  
  108  10:49  Hellbat x2  
  82  10:55  Siege Tank  
  79  11:06  SCV x3  
  79  11:10  Refinery  
  82  11:11  Refinery  
  82  11:17  Hellbat x2  
  86  11:18  SCV  
  86  11:20  Siege Tank  
  86  11:22  SCV x2  
  92  11:27  Thor  
  92  11:30  SCV  
  99  11:34  SCV x2  
  99  11:36  Thor  
  99  11:38  Factory Tech Lab  
  107  11:42  SCV  
  107  11:46  SCV x2  
  110  11:53  Thor, Hellbat x2  
  120  11:54  SCV  
  120  11:58  Terran Vehicle Weapons Level 3, SCV x2  
  123  12:07  SCV  
  124  12:10  SCV  
  124  12:13  Supply Depot x2  
  125  12:17  Supply Depot  
  125  12:20  Supply Depot  
  125  12:25  Supply Depot  
  125  12:28  Infernal Pre-Igniter  
  125  12:34  SCV x2  
  125  12:35  Thor, Hellbat x2, SCV  
  137  12:47  SCV x3  
  130  12:51  Thor x2  
  136  12:59  Thor, SCV  
  136  13:00  Hellbat x2  
  117  13:18  Hellbat  
  115  13:21  Command Center  
  115  13:29  Hellbat x2  
  119  13:34  Thor x2  
  119  13:40  Hellbat  
  133  13:48  Command Center, Thor  
  133  13:51  Hellbat x2  
  143  13:59  SCV  
  143  14:00  SCV x2  
  146  14:12  SCV x3  
  146  14:14  Supply Depot x2, Thor  
  155  14:17  Thor  
  155  14:18  Supply Depot x2, Hellbat x2  
  155  14:21  Supply Depot  
  165  14:32  Thor, SCV  
  165  14:36  Thor  
  178  14:40  SCV x2  
  180  14:56  Hellbat x2  
  180  14:57  Thor  
  190  15:00  Hellbat  
  180  15:16  Hellbat  
  180  15:19  Thor, Hellbat x2  
  128  15:21  Thor  
  121  15:37  Hellbat  
  127  15:43  Hellbat  
Show
View Real Time Build Order
Export as new Build Order

GhostDragon Protoss 

Build Orders:  

Get SALT Encoding   

  12  0:04  Probe (Chrono Boost)  
  14  0:15  Probe (Chrono Boost)  
  14  0:23  Pylon  
  15  0:42  Probe  
  15  0:54  Probe  
  16  0:57  Gateway  
  16  1:01  Assimilator  
  16  1:07  Probe  
  17  1:19  Probe  
  18  1:29  Gateway  
  18  1:31  Probe (Chrono Boost)  
  19  1:40  Pylon  
  19  1:41  Probe (Chrono Boost)  
  19  1:46  Probe (Chrono Boost)  
  20  1:47  Cybernetics Core, Zealot  
  23  2:09  Pylon, Probe (Chrono Boost)  
  23  2:15  Zealot  
  26  2:17  Pylon  
  26  2:20  Probe (Chrono Boost)  
  27  2:25  Probe (Chrono Boost), Zealot  
  30  2:36  Probe  
  31  2:39  Warp Gate, Pylon  
  31  2:42  Zealot  
  33  2:45  Assimilator  
  33  2:48  Probe  
  34  3:07  Stalker  
  36  3:18  Nexus  
  36  3:25  Pylon  
  36  3:29  Pylon  
  36  3:38  Probe (Chrono Boost)  
  37  3:48  Probe (Chrono Boost)  
  38  3:53  Probe (Chrono Boost), Zealot  
  41  3:57  Twilight Council  
  41  4:04  Probe  
  41  4:08  Gateway  
  42  4:13  Gateway  
  42  4:16  Probe  
  43  4:31  Probe  
  44  4:44  Probe x2 (Chrono Boost)  
  46  4:55  Probe x2 (Chrono Boost)  
  48  5:00  Probe x2 (Chrono Boost)  
  50  5:07  Gateway  
  50  5:08  Gateway  
  50  5:10  Charge, Probe  
  50  5:11  Probe  
  52  5:17  Pylon  
  52  5:19  Pylon  
  52  5:22  Pylon, Probe  
  53  5:31  Gateway  
  53  5:34  Probe  
  54  5:42  Robotics Facility  
  54  6:02  Stalker x3  
  54  6:03  Stalker  
  59  6:13  Probe x2  
  61  6:25  Probe x2  
  63  6:27  Stalker  
  63  6:28  Stalker x2  
  63  6:29  Stalker  
  71  6:37  Probe x2  
  74  6:40  Observer  
  74  6:45  Gateway  
  74  6:47  Gateway  
  74  6:50  Gateway, Probe (Chrono Boost)  
  74  6:52  Gateway  
  75  6:55  Probe (Chrono Boost)  
  76  7:06  Probe (Chrono Boost)  
  76  7:07  Assimilator, Probe (Chrono Boost)  
  78  7:10  Assimilator  
  78  7:11  Probe (Chrono Boost)  
  78  7:13  Probe  
  80  7:16  Assimilator  
  80  7:21  Probe (Chrono Boost)  
  81  7:24  Assimilator  
  81  7:28  Probe (Chrono Boost)  
  82  7:34  Probe (Chrono Boost)  
  83  7:41  Probe x2 (Chrono Boost)  
  85  7:48  Probe  
  86  8:14  Stalker  
  86  8:15  Stalker x3  
  86  8:16  Stalker x3  
  86  8:17  Stalker x2  
  104  8:27  Pylon  
  104  8:31  Pylon  
  104  8:33  Pylon  
  104  8:35  Pylon  
  104  9:00  Forge  
  104  9:02  Forge  
  104  9:06  Forge  
  104  9:10  Gateway  
  104  9:14  Gateway  
  104  9:16  Gateway  
  104  9:18  Gateway  
  104  9:20  Gateway  
  104  9:27  Stalker x2  
  104  9:28  Stalker x3  
  104  9:29  Stalker x2  
  104  9:30  Stalker x2  
  122  9:41  Protoss Ground Weapons Level 1  
  122  9:43  Protoss Ground Armor Level 1  
  122  9:44  Protoss Shields Level 1  
  77  10:35  Stalker  
  77  10:36  Stalker x2  
  77  10:37  Stalker x2  
  77  10:38  Stalker  
  77  10:39  Stalker x4  
  77  10:40  Stalker  
  77  10:41  Stalker x3  
  87  11:09  Stalker  
  87  11:10  Stalker x3  
  95  11:11  Stalker  
  95  11:12  Stalker x3  
  95  11:13  Stalker  
  105  11:22  Robotics Facility  
  105  11:36  Probe x2  
  107  11:48  Probe  
  107  11:49  Probe  
  109  12:00  Probe  
  109  12:01  Probe  
  111  12:06  Robotics Facility  
  111  12:08  Stalker x2  
  113  12:09  Stalker x3  
  113  12:10  Stalker x3  
  113  12:11  Stalker x2  
  131  12:31  Templar Archives  
  67  13:11  Zealot  
  67  13:12  Zealot x3  
  73  13:13  Zealot x2  
  73  13:14  Zealot x4  
  73  13:15  Zealot x3  
  73  13:16  Zealot  
  93  13:36  Immortal x2  
  101  14:11  High Templar x3  
  101  14:12  High Templar x2  
  101  14:15  Immortal x2, Archon x2  
  119  14:25  Pylon  
  119  14:26  Nexus  
  119  14:30  Stalker  
  119  14:31  Stalker x2  
  123  14:32  Stalker  
  127  14:54  Immortal  
  127  14:55  Immortal  
  135  15:03  High Templar  
  135  15:04  High Templar x2  
  141  15:08  Archon  
  105  15:33  Immortal  
  85  16:00  High Templar x2  
  85  16:01  High Templar x2  
  85  16:05  Archon x2  
Tags
 
Add a new tag
Caveats
  • Supply blocks, unpowered buildings, or Contaminate may cause inaccurate times.
  • Supply counts are checked every 10 seconds.